 Dungeon Crawl Stone Soup version 0.30-a0-722-g3e6e8c874d (webtiles) character file.

Game seed: 17465242653027187529

182 Dittersdorf the Covered (level 5, -1/34 HPs)
             Began as a Gargoyle Fighter on Jan 27, 2023.
             Slain by Pikel
             ... wielding a +0 whip of freezing
              (6 damage)
             ... on level 3 of the Dungeon.
             The game lasted 00:03:10 (2509 turns).

Dittersdorf the Covered (Gargoyle Fighter)          Turns: 2509, Time: 00:03:11

Health: -1/34      AC: 14    Str: 21    XL:     5   Next: 62%
Magic:  0/5        EV:  6    Int:  9    God:
Gold:   211        SH:  8    Dex:  9    Spells: 4/4 levels left

rFire   . . .      SeeInvis .    a - +0 flail
rCold   . . .      Faith    .    v - +0 kite shield
rNeg    + . .      Spirit   +    t - +0 chain mail
rPois   ∞          Reflect  .    c - +0 helmet
rElec   +          Harm     .    (no cloak)
rCorr   .          Rampage  .    (no gloves)
Will    .....                    (no boots) Stlth
                                 j - amulet of guardian spirit
HPRegen 0.25/turn                (no ring)
MPRegen 0.09/turn                (no ring)

@: no status effects
A: sickness immunity, AC +4, negative energy resistance 1, electricity
resistance, torment resistance 1, petrification resistance
a: no special abilities


You were on level 3 of the Dungeon.
You visited 1 branch of the dungeon, and saw 4 of its levels.

You collected 211 gold pieces.

Inventory:

Hand Weapons
 a - a +0 flail (weapon)
Armour
 c - a +0 helmet (worn)
 t - a +0 chain mail (worn)
 v - a +0 kite shield (worn)
Jewellery
 j - an amulet of guardian spirit (around neck)
Scrolls
 b - a scroll of brand weapon {unknown}
 h - 4 scrolls of identify {unknown}
 i - 2 scrolls of torment {unknown}
 k - a scroll of fog {unknown}
 l - a scroll of teleportation {unknown}
 m - a scroll of magic mapping {unknown}
 n - a scroll of poison {unknown}
 o - a scroll of amnesia {unknown}
 s - a scroll of immolation {unknown}
 u - a scroll of fear {unknown}
Potions
 d - 2 potions of might
 e - 2 potions of cancellation {unknown}
 g - 2 potions of attraction {unknown}
 p - a potion of curing {unknown}
 q - a potion of brilliance {unknown}
 r - 2 potions of lignification {unknown}


   Skills:
 + Level 4.3 Fighting
 + Level 3.2 Maces & Flails
 + Level 4.4 Armour
 + Level 4.3 Shields


You had 4 spell levels left.
You didn't know any spells.
Your spell library contained the following spells:

 Spells                   Type           Power      Damage    Failure   Level
 Tukima's Dance           Hex            0%         N/A       100%        3
 Dispel Undead            Necr           0%         3d6       100%        4
 Passage of Golubria      Tloc           0%         N/A       100%        4
 Yara's Violent Unravell  Hex/Tmut       0%         3d3       100%        5
 Death Channel            Necr           0%         N/A       100%        6
 Cigotuvi's Dreadful Rot  Necr/Pois/Air  Unusable   N/A       N/A         2

Dungeon Overview and Level Annotations

Branches:
Dungeon (4/15)
 Temple: D:4-7

Altars:
Ashenzari
Qazlal

Annotations:
D:3 Pikel


Innate Abilities, Weirdness & Mutations

You are immune to sickness and miasma.
Your stone body is resilient. (AC +4)
You are immune to poison.
You resist negative energy. (rN+)
You are resistant to electric shocks. (rElec)
You are resistant to unholy torment.
You are immune to petrification.


Message History

You closely miss Pikel.
Pikel is moderately wounded.
You block Pikel's attack.
You sock Pikel!
Pikel is heavily wounded.
Pikel hits you but does no damage.
You closely miss Pikel.
Pikel is heavily wounded.
Pikel hits you with a +0 whip of freezing!
Pikel freezes you.
Pikel hits you with a +0 whip of freezing.
Pikel freezes you.
You barely miss Pikel.
Pikel is heavily wounded.
Pikel hits you but does no damage.
You closely miss Pikel.
Pikel is heavily wounded.
Pikel hits you but does no damage.
Pikel hits you with a +0 whip of freezing.
Pikel freezes you.
You miss Pikel.
Pikel is heavily wounded.
Pikel hits you but does no damage.
You barely miss Pikel.
Pikel is heavily wounded.
You block Pikel's attack.
You hit Pikel.
Pikel is severely wounded.
Pikel hits you but does no damage.
Pikel hits you with a +0 whip of freezing!
* * * LOW HITPOINT WARNING * * *
Pikel freezes you.
* * * LOW HITPOINT WARNING * * *
You miss Pikel.
Pikel is severely wounded.
Pikel hits you but does no damage.
You miss Pikel.
Pikel is severely wounded.
Pikel hits you with a +0 whip of freezing!
You die...

### #<# #.# ######## #.#
#......# #.# #.####.# #.#
#.# #.#
###.###.####.############
.............##.K.......#
############..'.@.......#
####.........# ♣♣
###'############# .♣♣ ♣♣♣
#...............# ..♣
♣♣>♣ #...............#
..♣ ♣..♣
#...............# ..♣
♣♣.♣♣ #...............#
.♣♣ ♣.♣♣
##...............# ♣♣ ♣.♣
#................#


You could see Pikel.

Vanquished Creatures
  An orc priest (D:3)
  4 adders
  A gnoll (D:2)
  A shadow imp (D:3)
  A dart slug (D:1)
  4 worms
  4 orcs (D:3)
  3 ball pythons
  7 endoplasms
  5 giant cockroaches
  8 goblins
  10 hobgoblins
  2 jackals (D:2)
  3 quokkas
  11 bats
  7 frilled lizards
  3 kobolds
  4 rats
79 creatures vanquished.

Notes
Turn   | Place    | Note
-------+----------+-------------------------------------------
     0 | D:1      | Dittersdorf the Gargoyle Fighter began the quest for the
                  | Orb.
     0 | D:1      | Reached XP level 1. HP: 14/14 MP: 1/1
    65 | D:1      | Reached XP level 2. HP: 14/19 MP: 2/2
   623 | D:1      | Reached XP level 3. HP: 23/23 MP: 3/3
   936 | D:2      | Reached XP level 4. HP: 18/29 MP: 2/4
  1555 | D:2      | Identified the +0 ring mail of the Ancient Quests {rF-
                  | rCorr Str+5 SInv}
  1725 | D:3      | Reached XP level 5. HP: 22/33 MP: 3/5
  1925 | D:3      | Found a broken altar of Ashenzari.
  1991 | D:3      | Found a stormy altar of Qazlal.
  2488 | D:4      | Noticed Pikel
  2488 | D:4      | Noticed a lemure
  2488 | D:4      | Noticed a lemure
  2488 | D:4      | Noticed a lemure
  2489 | D:4      | Noticed a lemure
  2509 | D:3      | Slain by Pikel

Illustrated notes

Levels and vault maps discovered:
D:1:      psy_arrival_basics, layout_basic, minmay_tromino_v4_c
D:2:      minmay_chambers_of_twos, layout_basic, kennysheep_flooded_box
D:3:      kb_forest_paths, layout_basic, cheibrodos_ashenzari_chains,
          mainiacjoe_overflow_six_doors_small
D:4:      layout_cave_pools, nicolae_sif_muna_condensation, fedhas_altar_3,
          serial_shops, kennysheep_mini_moat, chequers_garden, uniq_eustachio,
          uniq_crazy_yiuf_cottage, uniq_pikel

Skill      XL: |  1  2  3  4 |
---------------+-------------+-----
Fighting       | 4 |  4.3
Armour         | 4 |  4.4
Shields        | 4 |  4.3
Maces & Flails | 3 |  3.2

Action                     |  1- 3 |  4- 6 || total
---------------------------+-------+-------++-------
  Melee: Flail             |   112 |   166 ||   278
  Throw: Dart              |       |     4 ||     4
 Armour: Scale mail        |    69 |    57 ||   126
         Chain mail        |       |    26 ||    26
  Dodge: Dodged            |    66 |    72 ||   138
  Block: Buckler           |    36 |    36 ||    72
         Kite shield       |       |     6 ||     6

Table legend: (Time is in decaauts)
 A = Elapsed time spent in this place.
 B = Non-inter-level travel time spent in this place.
 C = Inter-level travel time spent in this place.
 D = Time resting spent in this place.
 E = Time spent auto-exploring this place.
 F = Levels seen in this place.
 G = Mean time per level.
                   A        B        C        D        E       F      G
               +--------+--------+--------+--------+--------+-----+--------+
         Total |   2597 |   2554 |     43 |    205 |   1684 |   4 |  649.2 |
       Dungeon |   2597 |   2554 |     43 |    205 |   1684 |   4 |  649.2 |
               +--------+--------+--------+--------+--------+-----+--------+

Top non-repeatable levels by time:
     D:3: 946 daAuts
     D:2: 845 daAuts
     D:1: 803 daAuts
     D:4: 1 daAuts
